AoeStats
← Hendrix

Glade

510325581Analyzed
1v1 RM · 10h ago on Sep 30, 2026· 58m 23s· 2 players
Game mode
Random Map
Map size
Tiny (2 player)
Population
200
Speed
Normal
Resources
Standard
Victory
Conquest
Starting age
Dark Age
Ending age
Imperial Age
RankedLock teamsTeams togetherTeam positionsShared explorationLock speedFull tech treeHidden civsTurbo modeCheats
Victory
Defeat
🇳🇴 Persians · Norway
544
+13
🇦🇷 Khmer · Argentina
467
-13
R.Zoro87
9:03 Loom
11:41 Feudal Age
17:45 Castle Age
18:05 Double-Bit Axe
24:55 Bow Saw
28:45 Scale Barding Armor
30:56 Tusk Swords
41:00 Fletching
40:36 Man-at-Arms
42:01 Long Swordsman
45:50 Imperial Age
50:19 Chemistry
49:36 Two-Handed Swordsman
54:25 Crossbowman
Hendrix
9:51 Loom
12:20 Feudal Age
13:04 Double-Bit Axe
13:00 Horse Collar
15:23 Wheelbarrow
17:25 Wheelbarrow
20:41 Castle Age
20:35 Gold Mining
20:38 Stone Mining
21:01 Scale Mail Armor
21:13 Forging
21:09 Scale Barding Armor
24:13 Bow Saw
24:24 Heavy Plow
26:23 Stone Shaft Mining
27:48 Gold Shaft Mining
28:04 Pikeman
28:45 Squires
29:43 Man-at-Arms
34:38 Imperial Age
32:02 Long Swordsman
32:28 Gambesons
33:48 Arson
37:11 Chemistry
36:32 Ballistics
36:10 Murder Holes
37:45 Two-Man Saw
37:48 Hand Cart
40:54 Citadels
43:17 Crop Rotation
42:29 Crossbowman
44:00 Conscription
43:54 Masonry
43:38 Fletching
43:49 Padded Archer Armor
45:23 Guilds
45:08 Town Watch
46:59 Elite Skirmisher
47:45 Thumb Ring
49:34 Elite War Elephant
53:48 Town Patrol
54:29 Halberdier
57:34 Iron Casting
57:14 Chain Mail Armor
57:19 Chain Barding Armor
56:56 Bodkin Arrow
57:16 Leather Archer Armor
57:36 Architecture
Connection lost

Rejoining the realm…

Still unreachable

The connection could not be restored.

Session expired

The server has moved on; the page needs a fresh start.